 Dungeon Crawl Stone Soup version 0.23.1 (webtiles) character file.

Game seed: 15127592237920028700

14 Borgoz the Sneak (level 2, -2/18 (20) HPs)
             Began as a Ghoul Enchanter on Mar 13, 2019.
             Slain by a worm (4 damage)
             ... on level 1 of the Dungeon.
             The game lasted 00:01:41 (1517 turns).

Borgoz the Sneak (Ghoul Enchanter)                  Turns: 1517, Time: 00:01:41

HP:   -2/18 (20)    AC:  2    Str: 11    XL:     2   Next: 41%
MP:   0/3           EV: 12    Int: 10    God:
Gold: 62            SH:  0    Dex:  9    Spells: 1/4 levels left

rFire    . . .     SeeInvis +   k - +0 short sword
rCold    + . .     Gourm    .   (no shield)
rNeg     + + +     Faith    .   b - +0 robe
rPois    ∞         Spirit   .   (no helmet)
rElec    .         Reflect  .   (no cloak)
rCorr    .         Harm     .   (no gloves)
MR       .....                  (no boots)
Stlth    ++........             (no amulet)
HPRegen  0.00/turn              h - ring of see invisible
MPRegen  0.08/turn              (no ring)

@: rotting
A: rotting body, claws 1, carnivore, cold resistance 1, negative energy
resistance 3, inhibited regeneration, torment resistance, unbreathing
a: no special abilities


You were on level 1 of the Dungeon.
You were not hungry.

You visited 1 branch of the dungeon, and saw 2 of its levels.

You collected 62 gold pieces.

Inventory:

Hand Weapons
 k - a +0 short sword (weapon)
Armour
 b - a +0 robe (worn)
Jewellery
 h - a ring of see invisible (left claw)
Scrolls
 c - 3 scrolls of remove curse {unknown}
 e - 4 scrolls of teleportation {unknown}
 f - a scroll of immolation {unknown}
 g - 3 scrolls of magic mapping {unknown}
 i - a scroll of blinking {unknown}
Comestibles
 d - 2 rations


   Skills:
 * Level 1.2 Short Blades
 + Level 0.4 Armour
 + Level 1.9 Dodging
 * Level 3.5 Stealth
 + Level 1.9 Spellcasting
 + Level 2.4 Hexes


You had one spell level left.
You knew the following spells:

 Your Spells              Type           Power        Failure   Level  Hunger
a - Corona                Hex            #......      12%         1    ##.....
b - Ensorcelled Hibernat  Hex/Ice        #.....       28%         2    ###....

Your spell library contained the following spells:

 Spells                   Type           Power        Failure   Level  Hunger
 Confuse                  Hex            #.......     34%         3    ####...
 Tukima's Dance           Hex            #.......     34%         3    ####...
 Dazzling Spray           Conj/Hex       #.....       50%         3    ####...


Dungeon Overview and Level Annotations

Branches:
Dungeon (2/15)

Altars:


Innate Abilities, Weirdness & Mutations

Your body is rotting away.
You thrive on raw meat.
You are immune to poison.
You have sharp fingernails.
You are carnivorous and can eat meat at any time.
Your flesh is cold resistant. (rC+)
You are immune to negative energy. (rN+++)
You do not regenerate when monsters are visible.
You are immune to unholy pain and torment.
You can survive without breathing.


Message History

Casting: Ensorcelled Hibernation (safe; 28% risk of failure)
Confirm with . or Enter, or press ? or * to list all spells.
You don't have enough magic to cast that spell.
Unknown command.
You hit the worm.
The worm is severely wounded.
The worm bites you.
* * * LOW HITPOINT WARNING * * *
Your magical contamination has completely faded away.
Casting: Ensorcelled Hibernation (safe; 28% risk of failure)
Confirm with . or Enter, or press ? or * to list all spells.
Aiming: Ensorcelled Hibernation (safe; 28% risk of failure)
Press: ? - help, Shift-Dir - straight line, f/p - worm
Aim: a worm (severely wounded, chance to defeat MR: 44%)
The worm looks drowsy...
The helpless worm fails to defend itself.
You hit the worm.
The worm is almost dead.
The worm bites you.
You die...

..#.#.### #.#.#.#.......#.##
#.#.....# #...#.....#####.#
..#####.### #...#...........##
..........# #...#........###..
###.......## #.......(........#
######.....# ###...####.....##..#
.### ##....###........+.....##..#
...## ##.......#w..####.....##..#
....## #..####.#@...# ####'###..#
##...# #..# #.#....######.#....#
.##..####.# #w#.#.......#.#.##.#
..#...# #.# #.#.#...###.#.#.##.#
#.##..# #.# #.#.#...#.#.#.#.##.#
#.##..# #.## #.#.......#.#.#.##.#
#.##..# #..###.#.......#.#.#.##.#
..#...# #......#####...#.#.#....#
.##..####.####...).......#.######


You could see a worm.

Vanquished Creatures
  A dart slug (D:1)
  2 bats
  A giant cockroach (D:1)
  A goblin (D:1)
  A hobgoblin (D:1)
  4 kobolds
  A rat (D:1)
11 creatures vanquished.

Notes
Turn   | Place    | Note
-------+----------+-------------------------------------------
     0 | D:1      | Borgoz the Ghoul Enchanter began the quest for the Orb.
     0 | D:1      | Reached XP level 1. HP: 14/14 MP: 2/2
    74 | D:1      | Reached skill level 1 in Short Blades
   519 | D:1      | Reached XP level 2. HP: 13/20 MP: 3/3
   652 | D:1      | Learned a level 2 spell: Ensorcelled Hibernation
  1185 | D:2      | HP: 1/20 [bat (1)]
  1517 | D:1      | Slain by a worm

Skill      XL: |  1 |
---------------+----+-----
Short Blades   | 1 |  1.2
Armour         | |  0.4
Dodging        | |  1.9
Stealth        | |  3.5
Spellcasting   | |  1.9
Hexes          | |  2.4

Action                   || total
-------------------------++-------
Melee: Dagger            ||    50
       Short sword       ||    22
 Cast: Ensorcelled Hiber ||     4
 Stab: Sleeping          ||     3
  Eat: Chunk             ||     5
Armor: Robe              ||    11
Dodge: Dodged            ||    51
